AoeStats
← xlxl

Northern Isles

510289384Analyzed
1v1 RM · 1d ago on Sep 30, 2026· 46m 32s· 2 players
Game mode
Random Map
Map size
Tiny (2 player)
Population
200
Speed
Normal
Resources
Standard
Victory
Conquest
Starting age
Dark Age
Ending age
Imperial Age
RankedLock teamsTeams togetherTeam positionsShared explorationLock speedFull tech treeHidden civsTurbo modeCheats
Victory
Defeat
🇬🇧 Chinese · United Kingdom
643
+13
🇩🇪 Koreans · Germany
576
-13
KerryGold6761
12:53 Feudal Age
11:09 Loom
16:18 Horse Collar
16:27 Double-Bit Axe
17:37 Wheelbarrow
17:18 Fletching
23:40 Castle Age
22:42 Stone Mining
24:43 Bodkin Arrow
24:19 Crossbowman
27:31 Bow Saw
32:29 Fishing Lines
34:27 Pikeman
38:20 Light Cavalry
39:46 Forging
xlxl
7:39 Loom
10:59 Feudal Age
19:37 Castle Age
19:19 Double-Bit Axe
19:27 Stone Mining
24:21 Fletching
25:13 Bodkin Arrow
31:07 Gold Mining
32:20 Forging
33:03 Scale Barding Armor
34:10 Iron Casting
34:23 Husbandry
41:57 Imperial Age
40:55 Murder Holes
41:21 Ballistics
41:14 Masonry
43:09 Bracer
42:59 Cavalier
47:39 Architecture
Connection lost

Rejoining the realm…

Still unreachable

The connection could not be restored.

Session expired

The server has moved on; the page needs a fresh start.